 Dungeon Crawl Stone Soup version 0.30-a0-800-g7c544603b3 (webtiles) character file.

Game seed: 1961010918845462195

175 cforsyth the Ducker (level 5, -6/32 HPs)
             Began as a Kobold Gladiator on Feb 21, 2023.
             Mangled by an iguana (10 damage)
             ... on level 3 of the Dungeon.
             The game lasted 00:02:36 (2414 turns).

cforsyth the Ducker (Kobold Gladiator)              Turns: 2414, Time: 00:02:37

Health: -6/32      AC:  4    Str: 11    XL:     5   Next: 85%
Magic:  5/5        EV: 16    Int: 10    God:
Gold:   72         SH:  0    Dex: 18    Spells: 4/4 levels left

rFire   . . .      SeeInvis .    a - +0 long sword
rCold   . . .      Faith    .    (no shield)
rNeg    . . .      Spirit   .    b - +0 leather armour
rPois   .          Reflect  .    c - +0 helmet
rElec   .          Harm     .    (no cloak)
rCorr   .          Rampage  .    (no gloves)
Will    .....                    (no boots)
Stlth   +++                      (no amulet)
HPRegen 0.25/turn                (no ring)
MPRegen 0.09/turn                (no ring)

@: no status effects
A: small, no large weapons, nightstalker 3
a: no special abilities


You were on level 3 of the Dungeon.
You visited 1 branch of the dungeon, and saw 3 of its levels.

You collected 72 gold pieces.

Inventory:

Hand Weapons
 a - a +0 long sword (weapon)
Missiles
 d - 3 throwing nets (quivered)
 e - 2 boomerangs
Armour
 b - a +0 leather armour (worn)
 c - a +0 helmet (worn)
Scrolls
 f - a scroll of teleportation {unknown}
 g - a scroll of immolation {unknown}
 h - a scroll of enchant armour {unknown}
 k - a scroll of identify {unknown}
 m - a scroll of noise {unknown}
 n - a scroll of vulnerability {unknown}
Potions
 i - a potion of ambrosia {unknown}
 j - a potion of attraction {unknown}
 l - a potion of cancellation {unknown}


   Skills:
 + Level 3.5 Fighting
 + Level 3.2 Long Blades
 - Level 2.1 Throwing
 + Level 4.7 Dodging
 + Level 3.6 Stealth


You had 4 spell levels left.
You didn't know any spells.
Your spell library was empty.

Dungeon Overview and Level Annotations

Branches:
Dungeon (3/15)

Altars:


Innate Abilities, Weirdness & Mutations

You are small and have problems with some larger weapons.
You are completely attuned to the shadows.


Message History

A giant cockroach comes into view.
The iguana hisses angrily.
You hit the iguana.
The iguana is moderately wounded.
The iguana bites you. The iguana bites you!
You hit the iguana but do no damage.
The iguana is moderately wounded.
The iguana bites you! The giant cockroach closely misses you.
You are too injured to fight recklessly!
You are too injured to fight recklessly!
You are too injured to fight recklessly!
You are too injured to fight recklessly!
You are too injured to fight recklessly!
You are too injured to fight recklessly!
You are too injured to fight recklessly!
You are too injured to fight recklessly!
You are too injured to fight recklessly!
The giant cockroach attacks as you move away!
The giant cockroach barely misses you.
The giant cockroach attacks as you move away!
The giant cockroach closely misses you.
The giant cockroach bites you but does no damage.
You see here a +0 leather armour.
You are too injured to fight recklessly!
You are too injured to fight recklessly!
You are too injured to fight recklessly!
You are too injured to fight recklessly!
You are too injured to fight recklessly!
You are too injured to fight recklessly!
You barely miss the giant cockroach. The giant cockroach closely misses you.
You slash the giant cockroach!
You kill the giant cockroach!
You slash the iguana!
The iguana is severely wounded.
The iguana misses you. The iguana bites you!
* * * LOW HITPOINT WARNING * * *
You barely miss the iguana.
The iguana is severely wounded.
The iguana bites you!
You die...

###### .....#
(....########
......l@...>#
.....######.#
.....# #.#
.....# #.#
.....# #.#
.....# #.#
.....# #.#
#.# #.#


You could see an iguana.

Vanquished Creatures
  2 orc priests (D:3)
  An orc wizard (D:3)
  2 adders (D:2)
  A worm (D:2)
  A dart slug (D:1)
  6 orcs
  2 ball pythons (D:2)
  6 endoplasms
  4 giant cockroaches
  5 goblins
  6 hobgoblins
  2 quokkas (D:2)
  5 bats
  5 frilled lizards
  8 kobolds
  7 rats
63 creatures vanquished.

Vanquished Creatures (others)
  9 plants (D:1)
9 creatures vanquished.

Grand Total: 72 creatures vanquished

Notes
Turn   | Place    | Note
-------+----------+-------------------------------------------
     0 | D:1      | cforsyth the Kobold Gladiator began the quest for the Orb.
     0 | D:1      | Reached XP level 1. HP: 12/12 MP: 1/1
   119 | D:1      | Reached skill level 1 in Stealth
   119 | D:1      | Reached XP level 2. HP: 18/18 MP: 2/2
   462 | D:1      | Reached XP level 3. HP: 20/22 MP: 3/3
   545 | D:1      | Reached skill level 4 in Dodging
  1237 | D:2      | Reached XP level 4. HP: 12/27 MP: 4/4
  2192 | D:3      | Reached XP level 5. HP: 18/32 MP: 5/5
  2414 | D:3      | Mangled by an iguana

Illustrated notes

Levels and vault maps discovered:
D:1:      lightli_arrival_farm, layout_loops_ring
D:2:      layout_basic
D:3:      layout_basic, mainiacjoe_overflow_alcove_2, grunt_qazlal_sundering,
          serial_shops, shop, minmay_hedge_maze, kennysheep_generic_room_13

Skill      XL: |  1  2  3  4 |
---------------+-------------+-----
Stealth        | 1 2 3 |  3.6
Dodging        | 4 |  4.7
Fighting       | 3 |  3.5
Long Blades    | 3 |  3.2
Throwing       | |  2.1

Action                     |  1- 3 |  4- 6 || total
---------------------------+-------+-------++-------
  Melee: Long sword        |   118 |    62 ||   180
         Punch             |     3 |       ||     3
   Stab: Sleeping          |     8 |     6 ||    14
 Armour: Leather armour    |    25 |    11 ||    36
  Dodge: Dodged            |   104 |    62 ||   166

Table legend: (Time is in decaauts)
 A = Elapsed time spent in this place.
 B = Non-inter-level travel time spent in this place.
 C = Inter-level travel time spent in this place.
 D = Time resting spent in this place.
 E = Time spent auto-exploring this place.
 F = Levels seen in this place.
 G = Mean time per level.
                   A        B        C        D        E       F      G
               +--------+--------+--------+--------+--------+-----+--------+
         Total |   2483 |   2420 |     63 |     64 |   1895 |   3 |  827.7 |
       Dungeon |   2483 |   2420 |     63 |     64 |   1895 |   3 |  827.7 |
               +--------+--------+--------+--------+--------+-----+--------+

Top non-repeatable levels by time:
     D:2: 1207 daAuts
     D:1: 911 daAuts
     D:3: 364 daAuts
